 Dungeon Crawl Stone Soup version 0.29-a0-356-g7bc237e783 (webtiles) character file.

Game seed: 11048666568544019950

891 jlumianski the Chopper (level 7, -1/53 (54) HPs)
             Began as a Demonspawn Fighter on Apr 27, 2022.
             Was a Priest of Qazlal.
             Slain by a wight
             ... wielding a +5 great sword
              (6 damage)
             ... on level 5 of the Dungeon.
             The game lasted 00:18:16 (4969 turns).

jlumianski the Chopper (Demonspawn Fighter)         Turns: 4969, Time: 00:18:16

HP:   -1/53 (54)    AC: 11    Str: 18    XL:     7   Next: 78%
MP:   9/9           EV: 10    Int:  9    God:    Qazlal [***...]
Gold: 342           SH: 13    Dex: 13    Spells: 6/6 levels left

rFire   . . .      SeeInvis .   a - +0 war axe
rCold   . . .      Faith    .   c - +0 buckler
rNeg    . . .      Spirit   .   h - +0 chain mail
rPois   .          Reflect  +   n - +0 helmet
rElec   .          Harm     .   z - +0 cloak
rCorr   .          Rampage  .   (no gloves)
Will    .....                   (no boots)
Stlth   ..........              e - amulet of reflection
HPRegen 0.17/turn               (no ring)
MPRegen 0.11/turn               (no ring)

@: studying Shields, lightly drained
A: repulsion field 2, weakness stinger 1
a: Renounce Religion, Upheaval, Elemental Force


You were on level 5 of the Dungeon.
You worshipped Qazlal.
Qazlal was most pleased with you.
You visited 1 branch of the dungeon, and saw 6 of its levels.

You collected 342 gold pieces.

Inventory:

Hand Weapons
 a - a +0 war axe (weapon)
 o - a +3 dagger
Missiles
 g - 329 stones
 p - 35 poisoned darts (quivered)
 s - a curare-tipped dart
 v - 4 javelins
Armour
 b - a +0 scale mail
 c - a +0 buckler (worn)
 h - a +0 chain mail (worn)
 n - a +0 helmet (worn)
 z - a +0 cloak (worn)
Jewellery
 e - an amulet of reflection (around neck)
Wands
 t - a wand of iceblast (8)
Scrolls
 r - 2 scrolls of enchant weapon
 u - a scroll of identify
 w - a scroll of immolation
 x - a scroll of magic mapping
 y - a scroll of vulnerability
Potions
 d - a potion of might
 f - a potion of degeneration
 i - 2 potions of brilliance
 j - 2 potions of attraction
 k - a potion of curing
 l - a potion of flight
 m - 3 potions of magic
 q - a potion of lignification


   Skills:
 + Level 4.1 Fighting
 + Level 5.1 Axes
 + Level 4.0 Armour
 + Level 0.9 Dodging
 - Level 0.2 Stealth
 + Level 4.7 Shields
 * Level 2.9 Invocations
 * Level 2.2 Evocations


You had 6 spell levels left.
You didn't know any spells.
Your spell library was empty.

Dungeon Overview and Level Annotations

Branches:
Dungeon (6/15)
 Temple: D:4-7

Altars:
Qazlal
Xom
Beogh


Innate Abilities, Weirdness & Mutations

You are surrounded by a moderate repulsion field. (EV +3)
You have a small tail.


Message History

Found a stone staircase leading down.
There is a stone staircase leading up here.
Unknown command.
The wight barely misses you. You block the wight's attack.
You climb upwards.
There is a stone staircase leading down here.
You closely miss the wight.
You tail-slap the wight, but do no damage.
You slash the wight! The wight hits you with a +3 mace!
The wight hits you with a +5 great sword!
You hit the wight but do no damage.
Your tail-slap misses the wight.
You barely miss the wight. The wight hits you with a +3 mace.
You block the wight's attack.
You slash the wight!
The wight is severely damaged.
You closely miss the wight. You block the wight's attack. x2
You closely miss the wight.
The wight is heavily damaged.
You slash the wight!
You destroy the wight!
Qazlal accepts your kill.
You can now give life to nearby clouds.
You block the wight's attack.
The wight hits you with a +5 great sword!
Your Armour skill increases to level 4!
You closely miss the wight. You tail-slap the wight.
The wight is severely damaged.
The wight hits you with a +5 great sword.
You feel drained.
You barely miss the wight.
Your tail-slap misses the wight.
The wight is severely damaged.
The wight barely misses you.
You closely miss the wight. You tail-slap the wight.
The wight is almost destroyed.
The wight barely misses you.
The wight hits you with a +5 great sword!
* * * LOW HITPOINT WARNING * * *
You barely miss the wight.
Your tail-slap misses the wight.
The wight is almost destroyed.
The wight hits you with a +5 great sword.
You die...

######.###.
#.)@z......
#.####.#### #.# #..
#.# ... #.# #.# #.#
#.# #.# #.# #.# #.#
#.###############.#


You could see a wight.

Vanquished Creatures
  2 black bears
  3 kobold brigands (D:3)
  A scorpion (D:3)
  A wight (D:5)
  2 orc priests (D:4)
  A hound (D:4)
  An iguana (D:5)
  Terence (D:2)
  An orc wizard (D:4)
  2 adders (D:3)
  11 gnolls
  2 dart slugs
  3 orcs (D:4)
  5 ball pythons
  5 bats
  6 endoplasms
  A giant cockroach (D:1)
  7 goblins
  10 hobgoblins
  3 jackals (D:4)
  56 kobolds
  2 quokkas
  5 frilled lizards
  5 rats
136 creatures vanquished.

Notes
Turn   | Place    | Note
-------+----------+-------------------------------------------
     0 | D:1      | jlumianski the Demonspawn Fighter began the quest for the
                  | Orb.
     0 | D:1      | Reached XP level 1. HP: 18/18 MP: 1/1
   421 | D:1      | Gained mutation: You are surrounded by a mild repulsion
                  | field. (EV +2) [demonic ancestry]
   421 | D:1      | Reached XP level 2. HP: 24/24 MP: 2/2
   535 | D:1      | Reached skill level 2 in Axes
  1117 | D:2      | Reached XP level 3. HP: 27/29 MP: 3/3
  1313 | D:2      | Noticed Terence
  1325 | D:2      | Killed Terence
  1378 | D:2      | Found a faded altar of an unknown god.
  1613 | D:3      | Found a stormy altar of Qazlal.
  1617 | D:3      | Became a worshipper of Qazlal Stormbringer
  1942 | D:3      | Noticed a black bear
  1984 | D:2      | Killed a black bear
  1985 | D:2      | Reached skill level 3 in Axes
  1985 | D:2      | Gained mutation: You have a small tail. [demonic ancestry]
  1985 | D:2      | Reached XP level 4. HP: 24/35 MP: 4/4
  1985 | D:2      | Gained mutation: You are surrounded by a moderate repulsion
                  | field. (EV +3) [demonic ancestry]
  1985 | D:2      | Reached XP level 5. HP: 28/41 MP: 5/5
  2755 | D:3      | Reached * piety under Qazlal
  2800 | D:3      | Reached skill level 4 in Axes
  2800 | D:3      | Reached XP level 6. HP: 46/48 MP: 6/6
  3016 | D:3      | Reached skill level 1 in Invocations
  3049 | D:3      | Reached skill level 1 in Evocations
  3152 | D:3      | Reached XP level 7. HP: 21/53 MP: 8/8
  3403 | D:3      | Reached ** piety under Qazlal
  4014 | D:5      | Entered Level 5 of the Dungeon
  4260 | D:4      | Identified a scroll of acquirement
  4260 | D:4      | Acquired a manual of Shields
  4322 | D:4      | Found a large runed translucent door.
  4322 | D:4      | Found a large runed translucent door.
  4391 | D:4      | Reached skill level 5 in Axes
  4695 | D:4      | Found a shimmering altar of Xom.
  4965 | D:5      | Reached *** piety under Qazlal
  4969 | D:5      | Slain by a wight

Illustrated notes

Levels and vault maps discovered:
D:1:      scummos_arrival_forest, layout_loops_corners
D:2:      layout_loops_cross, hellmonk_ecumenical_altar_inner_sanctum,
          uniq_terence
D:3:      minmay_goblin_kobold_castle, layout_loops_ring, marbit_many_paths
D:4:      due_chaos_kobolds, layout_basic, kennysheep_orc_chapel
D:5:      layout_basic, uniq_pikel
D:6:      cheibrodos_barr_body, layout_loops_corners,
          minmay_temple_entry_offerings, minmay_puff

Skill      XL: |  1  2  3  4  5  6  7 |
---------------+----------------------+-----
Armour         | 3 4 |  4.0
Axes           | 2 3 4 5 |  5.1
Shields        | 3 4 |  4.7
Invocations    | 2 |  2.9
Evocations     | 1 2 |  2.2
Fighting       | 4 |  4.1
Dodging        | |  0.9
Stealth        | |  0.2

Action                   |  1- 3 |  4- 6 |  7- 9 || total
-------------------------+-------+-------+-------++-------
Melee: War axe           |   118 |   105 |    97 ||   320
       Tailslap          |       |    13 |    16 ||    29
Evoke: Wand              |       |     2 |       ||     2
  Use: Scroll            |     6 |     3 |     2 ||    11
       Potion            |     4 |     1 |       ||     5
Armor: Chain mail        |    65 |    59 |    60 ||   184
       Scale mail        |     2 |       |       ||     2
Dodge: Dodged            |    50 |    53 |    54 ||   157
Block: Buckler           |    73 |    90 |   111 ||   274
       Reflection        |     1 |     5 |     5 ||    11

Table legend: (Time is in decaauts)
 A = Elapsed time spent in this place.
 B = Non-inter-level travel time spent in this place.
 C = Inter-level travel time spent in this place.
 D = Time resting spent in this place.
 E = Time spent auto-exploring this place.
 F = Levels seen in this place.
 G = Mean time per level.
                   A        B        C        D        E       F      G
               +--------+--------+--------+--------+--------+-----+--------+
         Total |   5105 |   4987 |    118 |    333 |   2735 |   6 |  850.8 |
       Dungeon |   5105 |   4987 |    118 |    333 |   2735 |   6 |  850.8 |
               +--------+--------+--------+--------+--------+-----+--------+

Top non-repeatable levels by time:
     D:3: 1914 daAuts
     D:1: 1071 daAuts
     D:2: 1038 daAuts
     D:4: 989 daAuts
     D:5: 89 daAuts
     D:6: 1 daAuts
